 Seeded DCSS version 0.24.0 (webtiles) character file.

Game seed: 18446744073709551615, levelgen mode: deterministic

108945 Buxparty the Basher (level 16, -5/105 HPs)
             Began as a Gargoyle Fighter on Feb 21, 2020.
             Was an Initiate of Gozag.
             Blown up by an orb spider (36 damage)
             ... with an orb of destruction
             ... on level 1 of the Spider Nest.
             The game lasted 01:29:12 (29262 turns).

Buxparty the Basher (Gargoyle Fighter)             Turns: 29262, Time: 01:29:12

Health: -5/105     AC: 41    Str: 29    XL:     16   Next: 51%
Magic:  21/21      EV: 17    Int:  9    God:    Gozag
Gold:   2500       SH:  8    Dex: 10    Spells: 15/15 levels left

rFire    . . .     SeeInvis .   B - +7 mace of Kindness {drain, rElec}
rCold    + . .     Gourm    .   X - +2 buckler
rNeg     + . .     Faith    .   M - +2 chain mail {rPois}
rPois    ∞         Spirit   .   W - +1 helmet
rElec    +         Reflect  .   o - +1 cloak of Starlight {rElec rC+ EV+4 Stlth--}
rCorr    .         Harm     .   b - +2 pair of gloves {Str+3}
MR       ++...                  (no boots)
Stlth    ..........             I - amulet of regeneration
HPRegen  0.67/turn              n - +6 ring of protection
MPRegen  0.17/turn              l - ring of protection from magic

@: no status effects
A: big wings, negative energy resistance 1, electricity resistance, unbreathing,
petrification resistance, rot immunity, AC +12
a: Fly, Potion Petition, Call Merchant, Bribe Branch, Renounce Religion


You were on level 1 of the Spider Nest.
You worshipped Gozag.
Gozag was most pleased with you.
You were full.

You visited 4 branches of the dungeon, and saw 23 of its levels.
You also visited: Sewer and Volcano.

You collected 7247 gold pieces.
You spent 2441 gold pieces at shops.
You paid 2306 gold pieces to Gozag.

Inventory:

Hand Weapons
 a - the +4 morningstar of the Doomed Warrior {crush, rC+}
   (You bought it in a shop on level 8 of the Dungeon)

   It inflicts extra damage upon your enemies.
   It protects you from cold.
 B - the +7 mace of Kindness (weapon) {drain, rElec}
   (You bought it in a shop on level 12 of the Dungeon)

   A truly terrible weapon, it drains the life of those it strikes.
   It insulates you from electricity.
Missiles
 H - 14 javelins
 L - 18 curare-tipped darts (quivered)
Armour
 b - a +2 pair of gloves of strength (worn)
 o - the +1 cloak of Starlight (worn) {rElec rC+ EV+4 Stlth--}
   (You bought it in a shop on level 12 of the Dungeon)

   It affects your evasion (+4).
   It protects you from cold.
   It insulates you from electricity.
   It makes you much less stealthy.
 M - a +2 chain mail of poison resistance (worn)
 W - a +1 helmet (worn)
 X - a +2 buckler (worn)
Jewellery
 l - a ring of protection from magic (right hand)
 n - a +6 ring of protection (left hand)
 u - an uncursed amulet of rage
 y - an uncursed ring of protection from cold
 I - an amulet of regeneration (around neck)
Wands
 h - a wand of acid (7)
 z - a wand of polymorph (23)
 A - a wand of scattershot (19)
 K - a wand of disintegration (23)
 Q - a wand of random effects (32)
 V - a wand of iceblast (14)
Scrolls
 e - 8 scrolls of fear
 g - 5 scrolls of immolation
 j - 11 scrolls of remove curse
 k - 2 scrolls of enchant weapon
 m - 3 scrolls of magic mapping
 r - 15 scrolls of identify
 s - a scroll of enchant armour
 t - 14 scrolls of teleportation
 w - a scroll of torment {unknown}
 x - 4 scrolls of blinking
 D - 2 scrolls of amnesia
 J - a scroll of fog
 O - 2 scrolls of noise {unknown}
Potions
 d - 2 potions of might
 i - 15 potions of curing
 p - 2 potions of haste
 q - 2 potions of lignification
 v - 2 potions of berserk rage
 E - 7 potions of brilliance
 F - 4 potions of agility
 G - 4 potions of heal wounds
 N - a potion of magic
 P - a potion of resistance
 S - 2 potions of ambrosia
Miscellaneous
 c - a lightning rod (4/4)
 C - a phial of floods
Comestibles
 f - 19 rations


   Skills:
 + Level 13.8 Fighting
 + Level 13.9 Maces & Flails
 - Level 8.0 Throwing
 + Level 12.4 Armour
 + Level 9.4 Dodging
 + Level 12.3 Shields
 + Level 7.9 Evocations


You had 15 spell levels left.
You didn't know any spells.
Your spell library contained the following spells:

 Spells                   Type           Power        Failure   Level  Hunger
 Animate Skeleton         Necr           N/A          83%         1    ##.....
 Apportation              Tloc           #.....       83%         1    ##.....
 Confusing Touch          Hex            #.....       83%         1    ##.....
 Corona                   Hex            #......      83%         1    ##.....
 Sandblast                Erth           #.....       83%         1    ##.....
 Summon Small Mammal      Summ           #...         83%         1    ##.....
 Call Imp                 Summ           #.......     92%         2    ###....
 Ensorcelled Hibernation  Hex/Ice        #.....       92%         2    ###....
 Passwall                 Tmut/Erth      #.......     92%         2    ###....
 Call Canine Familiar     Summ           #.......     99%         3    ####...
 Confuse                  Hex            #.......     99%         3    ####...
 Dazzling Spray           Conj/Hex       #.....       99%         3    ####...
 Stone Arrow              Conj/Erth      #.....       99%         3    ####...
 Summon Guardian Golem    Hex/Summ       #.......     99%         3    ####...
 Tukima's Dance           Hex            #.......     99%         3    ####...
 Petrify                  Tmut/Erth      #.......     100%        4    #####..
 Summon Ice Beast         Ice/Summ       #.......     100%        4    #####..
 Summon Lightning Spire   Summ/Air       #.......     100%        4    #####..
 Lee's Rapid Deconstruct  Erth           #.........   100%        5    ######.


Dungeon Overview and Level Annotations

Branches:
Dungeon (15/15)            Temple (1/1) D:7            Lair (6/6) D:8
 Shoals (0/4) Lair:4       Spider (1/4) Lair:4        Slime (0/5) Lair:6
    Orc (0/2) D:12         Vaults (0/5) D:14         Depths (0/5) D:15
  Sewer (visited)         Volcano (visited)

Altars:
Ashenzari
Cheibriados
Dithmenos
Elyvilon
Fedhas
Gozag
Hepliaklqana
Kikubaaqudgha
Makhleb
Nemelex Xobeh
Okawaru
Qazlal
Ru
Sif Muna
Trog
Uskayaw
Vehumet
Wu Jian
Xom
Yredelemnul
Zin
The Shining One
Jiyva

Shops:
D:8 [([   D:12 [(   D:13 !

Portals:
Hell: Lair:6

Annotations:
D:3 3 runed translucent doors, Duelies's ghost, amateur GnFi
D:7 2 runed translucent doors, Cheiron's ghost, novice CeHu
D:8 1 runed translucent door
Lair:4 exclusion: 2 oklob plants


Innate Abilities, Weirdness & Mutations

You are resistant to torment.
Your stone body is resilient. (AC +12)
You are immune to poison.
Your large and strong wings let you fly indefinitely.
You resist negative energy. (rN+)
You are resistant to electric shocks. (rElec)
You can survive without breathing.
You are immune to petrification.
You are immune to rotting.


Message History

The wolf spider is heavily wounded.
You block the wolf spider's attack. The wolf spider barely misses you.
You thump the wolf spider!
The wolf spider is severely wounded.
The wolf spider completely misses you.
The wolf spider bites you but does no damage.
You closely miss the wolf spider.
The wolf spider is severely wounded.
The orb spider weaves a glowing orb of energy.
You block the wolf spider's attack.
The wolf spider bites you but does no damage.
An orb of destruction comes into view.
You bludgeon the wolf spider!!
The wolf spider is almost dead.
The wolf spider misses you.
The wolf spider bites you but does no damage.
You barely miss the wolf spider.
The wolf spider is almost dead.
The orb of destruction hits you!!!
You die...

...
#.^.##..$$$.##.
#####........#
#^.........#
#..........#
#..#.......#
#..#s.^....#
#.##○.####.#
###☼s.# ##
#@<.# ###>##
#..# #.## ###


You could see a wolf spider and an orb spider.

Vanquished Creatures
  Jorgrun (D:14)
  Frances (D:12)
  A dire elephant (Lair:6)
  Snorg (D:13)
  An ettin (D:15)
  Fannar (D:11)
  Harold (D:8)
  2 catoblepae
  8 hydras
  7 vault guards (D:14)
  A hell beast (Lair:6)
  4 centaur warriors
  Erica (Lair:1)
  8 two-headed ogres
  A death knight (D:12)
  A tengu warrior (D:15)
  6 death yaks
  An ogre mage (D:15)
  Urug (D:12)
  Nergalle (D:12)
  A fire crab (Lair:4)
  A hell knight (Volcano)
  3 unseen horrors
  A wizard (Lair:6)
  2 flayed ghosts (D:15)
  A necromancer (Lair:2)
  7 wolf spiders
  A deep elf mage (D:14)
  10 ugly things
  A harpy (shapeshifter) (D:15)
  5 cyclopes
  2 orb spiders (Spider:1)
  An orc sorcerer (D:15)
  4 manticores
  A moth of wrath (shapeshifter) (D:15)
  2 elephants
  8 black mambas
  A centaur zombie (D:15)
  3 gargoyles
  A smoke demon (Volcano)
  11 spiny frogs
  2 molten gargoyles (Volcano)
  2 orange demons (Lair:6)
  12 komodo dragons
  2 efreet (D:15)
  4 rime drakes (Lair:6)
  A freezing wraith (D:15)
  2 ice devils (Lair:6)
  A tengu conjurer (D:15)
  A merfolk (D:9)
  A hellwing (Lair:6)
  3 jumping spiders
  A queen bee (Lair:2)
  Grinder (D:3)
  4 hornets
  5 red devils
  26 blink frogs
  Prince Ribbit (D:7)
  2 trolls
  16 hippogriffs
  11 slime creatures
  40 yaks
  A water elemental (D:12)
  2 tarantellas
  5 wyverns
  3 basilisks
  2 fire bats (Volcano)
  A fire bat (shapeshifter) (D:9)
  5 hungry ghosts
  A soldier ant (D:15)
  A harpy simulacrum (D:15)
  13 water moccasins
  2 acid dragons (D:15)
  4 hell hounds
  14 porcupines
  Duvessa (D:5)
  A hornet zombie (D:5)
  10 orc warriors
  3 black bears
  14 ice beasts
  8 sky beasts
  15 centaurs
  19 wolves
  5 ogres
  16 crocodiles
  A wyvern zombie (D:15)
  20 bullfrogs
  2 wyvern skeletons
  Dowan (D:5)
  9 scorpions
  33 killer bees
  17 wights
  6 electric eels
  3 quasits
  8 crimson imps
  5 lava snakes (Volcano)
  6 jellies
  7 orc priests
  6 centaur skeletons
  7 hounds
  10 orc wizards
  2 bullfrog skeletons
  3 iguanas
  7 worker ants
  5 polar bear simulacra (Lair:2)
  5 wolf simulacra (Lair:2)
  A killer bee zombie (D:7)
  A hound zombie (D:3)
  A hound skeleton (D:6)
  3 worker ant zombies
  6 gnolls
  6 river rats (Sewer)
  20 adders
  4 shadow imps
  3 oozes
  3 adder skeletons
  3 worms (D:2)
  4 dart slugs
  7 leopard geckos
  35 orcs
  2 bats (D:2)
  8 giant cockroaches
  10 goblins
  5 hobgoblins
  17 jackals
  26 kobolds
  3 quokkas
  6 ball pythons
  9 frilled lizards
  A leopard gecko skeleton (D:6)
  23 rats
  A river rat simulacrum (Lair:2)
771 creatures vanquished.

Vanquished Creatures (collateral kills)
  A hydra (Lair:6)
1 creature vanquished.

Vanquished Creatures (others)
  8 fungi
  6 plants
14 creatures vanquished.

Grand Total: 786 creatures vanquished

Notes
Turn   | Place    | Note
-------+----------+-------------------------------------------
     0 | D:1      | Buxparty the Gargoyle Fighter began the quest for the Orb.
     0 | D:1      | Reached XP level 1. HP: 14/14 MP: 1/1
    23 | D:1      | Reached XP level 2. HP: 19/19 MP: 2/2
   385 | D:1      | Reached XP level 3. HP: 23/23 MP: 3/3
  1182 | D:2      | Reached XP level 4. HP: 29/29 MP: 4/4
  1564 | D:3      | Reached XP level 5. HP: 33/33 MP: 5/5
  1697 | D:3      | Noticed Grinder
  1727 | D:3      | Paralysed by Grinder for 6 turns
  1757 | D:3      | Killed Grinder
  1757 | D:3      | Reached XP level 6. HP: 5/39 MP: 6/6
  2068 | D:3      | Found a runed translucent gate.
  2069 | D:3      | Found a runed translucent gate.
  2100 | D:3      | Noticed Duelies's ghost (amateur GnFi)
  2332 | D:3      | Found a runed translucent gate.
  2690 | D:4      | Reached XP level 7. HP: 36/44 MP: 7/7
  2814 | D:4      | Reached skill level 5 in Maces & Flails
  3071 | D:4      | Found a glowing silver altar of Zin.
  3087 | D:4      | Reached skill level 5 in Fighting
  3087 | D:4      | Reached skill level 5 in Armour
  3125 | D:4      | Reached skill level 5 in Shields
  3618 | D:5      | Entered Level 5 of the Dungeon
  3631 | D:5      | Noticed Duvessa
  3631 | D:5      | Noticed Dowan
  4113 | D:5      | Killed Duvessa
  4113 | D:5      | Reached XP level 8. HP: 32/50 MP: 8/8
  4132 | D:5      | Killed Dowan
  4912 | D:6      | Noticed a yak
  4938 | D:6      | Killed a yak
  4950 | D:6      | Reached XP level 9. HP: 45/56 MP: 9/9
  5501 | D:6      | Found a glowing drain.
  5536 | Sewer    | Entered a sewer
  6392 | D:7      | Found a staircase to the Ecumenical Temple.
  6409 | Temple   | Entered the Ecumenical Temple
  6432 | Temple   | Became a worshipper of Gozag Ym Sagoz the Greedy
  6963 | D:6      | Reached XP level 10. HP: 51/63 MP: 10/10
  7316 | D:7      | Noticed Prince Ribbit
  7339 | D:7      | Killed Prince Ribbit
  7339 | D:7      | Reached skill level 1 in Dodging
  7545 | D:7      | Found a large runed translucent door.
  7547 | D:7      | Found a large runed translucent door.
  7548 | D:7      | Noticed Cheiron's ghost (novice CeHu)
  7754 | D:8      | Found a staircase to the Lair.
  7754 | D:8      | Noticed an elephant
  7801 | D:8      | Killed an elephant
  8346 | D:8      | Noticed Harold
  8382 | D:8      | Killed Harold
  8767 | D:8      | Found a runed translucent door.
  8868 | D:8      | Found a snail-covered altar of Cheibriados.
  8971 | D:8      | Noticed a centaur warrior
  9096 | D:9      | Reached XP level 11. HP: 50/69 MP: 11/11
  9431 | D:9      | Noticed a manticore
  9459 | D:9      | Killed a manticore
  9459 | D:9      | Reached skill level 10 in Maces & Flails
  9922 | D:9      | Noticed a two-headed ogre
 10017 | D:9      | Killed a two-headed ogre
 10017 | D:9      | Reached skill level 1 in Throwing
 11287 | D:10     | Entered Level 10 of the Dungeon
 11562 | D:10     | Killed an unseen horror
 11771 | D:10     | Noticed a two-headed ogre
 11834 | D:10     | Killed a two-headed ogre
 11834 | D:10     | Reached XP level 12. HP: 14/77 MP: 12/12
 13059 | Lair:1   | Entered Level 1 of the Lair of Beasts
 13075 | D:8      | Reached skill level 10 in Fighting
 13075 | D:8      | Reached skill level 10 in Armour
 13091 | D:8      | Reached skill level 10 in Shields
 13309 | D:8      | Bought an ichor-stained morningstar for 378 gold pieces
 13309 | D:8      | Identified the +4 morningstar of the Doomed Warrior {crush,
                  | rC+} (You bought it in a shop on level 8 of the Dungeon)
 13547 | Lair:1   | Noticed Erica
 13555 | Lair:1   | Killed Erica
 13555 | Lair:1   | Reached skill level 5 in Dodging
 14833 | Lair:2   | Reached XP level 13. HP: 66/83 MP: 13/13
 14977 | Lair:2   | Reached skill level 5 in Throwing
 16109 | Lair:2   | Reached skill level 1 in Evocations
 16561 | D:8      | Bought an ancient buckler for 313 gold pieces
 16571 | D:8      | Identified the cursed -4 buckler "Goebunk" {Str+2} (You
                  | bought it in a shop on level 8 of the Dungeon)
 16584 | D:8      | Bought a pair of glowing gloves for 247 gold pieces
 17773 | Lair:4   | Found a staircase to the Shoals.
 18042 | Lair:4   | Found a hole to the Spider Nest.
 18177 | Lair:4   | Found a dark tunnel.
 18188 | Volcano  | Entered a volcano
 18608 | Volcano  | Found a bloodstained altar of Trog.
 18845 | Volcano  | Gained mutation: Your large and strong wings let you fly
                  | indefinitely. [Gargoyle growth]
 18845 | Volcano  | Reached XP level 14. HP: 12/91 MP: 16/16
 21234 | Lair:6   | Entered Level 6 of the Lair of Beasts
 22309 | Lair:6   | Reached skill level 5 in Evocations
 22389 | Lair:6   | Found a burning altar of Makhleb.
 22884 | Lair:6   | Identified a scroll of acquirement
 23219 | Lair:6   | Found a runed translucent door.
 23219 | Lair:6   | Found a viscous altar of Jiyva.
 23219 | Lair:6   | Found a staircase to the Slime Pits.
 23312 | Lair:6   | Noticed a dire elephant
 23319 | Lair:6   | Killed a dire elephant
 23406 | Lair:6   | Found a gateway to Hell.
 23560 | D:8      | Bought a faintly humming shield for 351 gold pieces
 23570 | D:8      | Identified the +0 shield of Past Mistakes {+Fly rCorr Str-2
                  | Dex-3} (You bought it in a shop on level 8 of the Dungeon)
 23818 | D:11     | Noticed Fannar
 23856 | D:11     | Killed Fannar
 23856 | D:11     | Reached XP level 15. HP: 78/97 MP: 19/19
 24354 | D:11     | Found a shimmering altar of Xom.
 24355 | D:11     | Found a shimmering altar of Xom.
 24355 | D:11     | Found a shimmering altar of Xom.
 24356 | D:11     | Found a shimmering altar of Xom.
 24581 | D:12     | Noticed Frances
 24641 | D:12     | Killed Frances
 24814 | D:12     | Noticed Urug
 24827 | D:12     | Killed Urug
 25609 | D:12     | Found Ykacidgh's Armour Shoppe.
 25611 | D:12     | Found a staircase to the Orcish Mines.
 25613 | D:12     | Found Reruxz Gamn's Weapon Shoppe.
 25644 | D:12     | Bought the +1 cloak of Starlight {rElec rC+ EV+4 Stlth--}
                  | for 445 gold pieces
 25644 | D:12     | Found the +1 cloak of Starlight {rElec rC+ EV+4 Stlth--}
 25672 | D:12     | Bought the +7 mace of Kindness {drain, rElec} for 707 gold
                  | pieces
 25701 | D:12     | Noticed Nergalle
 25738 | D:12     | Killed Nergalle
 25976 | D:13     | Found Miciv's Distillery.
 26309 | D:13     | Noticed Snorg
 26331 | D:13     | Killed Snorg
 26748 | D:14     | Noticed Jorgrun
 26771 | D:14     | Killed Jorgrun
 26830 | D:14     | Got a smoking ruby amulet
 27201 | D:14     | Found a gate to the Vaults.
 27545 | D:15     | Entered Level 15 of the Dungeon
 27672 | D:15     | Reached XP level 16. HP: 102/104 MP: 21/21
 27847 | D:15     | Identified the amulet "Qoor" {Faith Dex+2} (You found it on
                  | level 14 of the Dungeon)
 28461 | D:15     | Found a staircase to the Depths.
 29000 | Spider:1 | Entered Level 1 of the Spider Nest
 29262 | Spider:1 | Blown up by an orb spider

Levels and vault maps discovered:
D:1:      dpeg_arrival_tiny_k, layout_basic, solitary_fountain,
          minmay_tetromino_i2
D:2:      layout_loops_cross, minmay_between
D:3:      layout_basic, gammafunk_ghost_split, kennysheep_path_1, uniq_grinder
D:4:      layout_cave_pods, lemuel_crystal_altar
D:5:      layout_loops_ring, first_ration, minmay_misc_feat_hallway,
          uniq_duvessa
D:6:      layout_rooms, portal_sewer_entry_f, hangedman_minor_gate_pass
D:7:      layout_loops_ring, temple_fountains, ebering_ghost_disaster_area,
          uniq_prince_ribbit1
D:8:      layout_basic, david_lair_generic, enter_bailey_2, basic_altar,
          wad_hexagon, uniq_harold
D:9:      layout_gridville, hangedman_fish_farm
D:10:     layout_rooms, serial_curves, eino_curves_04, eino_curves_04,
          eino_curves_01, eino_curves_04, grunt_tough_drop
D:11:     nicolae_whirlpool, layout_basic, xom_shifter_show, uniq_fannar
D:12:     layout_basic, orc_david_3, uniq_urug, uniq_frances, uniq_nergalle
D:13:     layout_gridville, serial_shops, shop, uniq_snorg
D:14:     layout_basic, erik_vaults_2, uniq_jorgrun
D:15:     hangedman_depths_entry_civil_slaughter, layout_cave_pools,
          corexii_corridor_pit, corexii_hall_statues_l, grunt_potential
Temple:   nicolae_temple_the_god_donut
Lair:1:   layout_loops_ring, portal_ice_cave_entry_ice_beasts,
          guppyfry_lair_drakes, serial_bayou_shore_a, uniq_erica
Lair:2:   layout_misc_corridors, special_room [special_room_bee],
          eino_house_with_fridge
Lair:3:   layout_misc_corridors, serial_bayou_pond_c
Lair:4:   layout_roguey, elwin_shoals_entry_rocks, spider_nest_entry_rubble,
          lightli_volcano_entry_magma_tube, grunt_megastairs_2,
          infiniplex_staircase_pool_2, minmay_lair_oklob_chamber,
          lemuel_fruit_tree
Lair:5:   layout_loops_ring, grunt_megastairs_5, serial_bayou_shore_b,
          infiniplex_staircase_pool
Lair:6:   evil_forest, layout_regular_city, slime_altar_2
Spider:1: layout_spider_delve, minmay_another_anthill
